 Dungeon Crawl Stone Soup version 0.29.0-4-gdea44cf6ec (webtiles) character file.

Game seed: 17405717453777173438

2 qw the Sneak (level 1, -4/14 HPs)
             Began as a Gargoyle Delver on Sept 10, 2022.
             Slain by Eustachio
             ... wielding a +0 rapier
              (5 damage)
             ... on level 5 of the Dungeon.
             The game lasted 00:00:02 (70 turns).

qw the Sneak (Gargoyle Delver)                        Turns: 70, Time: 00:00:03

Health: -4/14      AC:  5    Str: 15    XL:     1   Next: 40%
Magic:  1/1        EV: 11    Int: 10    God:
Gold:   6          SH:  0    Dex: 11    Spells: 0/0 levels left

rFire   . . .      SeeInvis .   a - +0 hand axe
rCold   . . .      Faith    .   (no shield)
rNeg    + . .      Spirit   .   b - +0 leather armour
rPois   inf        Reflect  .   (no helmet)
rElec   +          Harm     .   (no cloak)
rCorr   .          Rampage  .   (no gloves)
Will    .....                   (no boots)
Stlth   +++.......              (no amulet)
HPRegen 0.04/turn               (no ring)
MPRegen 0.07/turn               (no ring)

@: no status effects
A: sickness immunity, AC +2, negative energy resistance 1, electricity
resistance, torment resistance 1, petrification resistance
a: no special abilities


You were on level 5 of the Dungeon.
You visited 1 branch of the dungeon, and saw 1 of its levels.

You collected 6 gold pieces.


Innate Abilities, Weirdness & Mutations

You are immune to sickness and miasma.
Your stone body is resilient. (AC +2)
You are immune to poison.
You resist negative energy. (rN+)
You are resistant to electric shocks. (rElec)
You are resistant to unholy torment.
You are immune to petrification.


   Skills:
 - Level 3.2 Fighting
 + Level 2.0 Axes
 - Level 1.5 Dodging
 - Level 5.4 Stealth


You couldn't memorise any spells.
You didn't know any spells.
Your spell library was empty.

Inventory:

Hand Weapons
 a - a +0 hand axe (weapon)
Armour
 b - a +0 leather armour (worn)
Wands
 g - a wand of digging (3)
Scrolls
 c - a scroll of fog
 d - a scroll of magic mapping
 e - a scroll of fear
 i - a scroll of enchant weapon {unknown}
 j - a scroll of teleportation {unknown}
Potions
 f - a potion of haste
 h - 2 potions of attraction {unknown}

Dungeon Overview and Level Annotations

Branches:
Dungeon (5/15)
 Temple: D:4-7

Altars:
Kikubaaqudgha

Annotations:
D:5 Eustachio


Message History

Eustachio shouts!
Eustachio casts a spell.
Enter note: The rat twitches its whiskers.
You barely miss the rat. The rat closely misses you.
You hit the rat.
The rat is severely wounded.
You barely miss the rat.
Eustachio casts a spell.
The rat barely misses you. x2
You hit the rat.
You kill the rat!
The rat's corpse disappears in a puff of smoke!
You hit the rat.
You kill the rat!
The rat's corpse disappears in a puff of smoke!
You hit Eustachio.
Eustachio is lightly wounded.
Eustachio casts a spell.
Eustachio blinks!
You closely miss the rat. The rat bites you but does no damage.
You hit the rat but do no damage. You hit the rat.
You kill the rat!
The rat's corpse disappears in a puff of smoke!
The rat bites you.
Eustachio growls, "To hell with you, honourless miscreant!"
You hit the rat.
The rat is moderately wounded.
The rat closely misses you. The rat barely misses you.
Eustachio hits you with a +0 rapier.
You hit the rat.
You kill the rat!
The rat's corpse disappears in a puff of smoke!
You hit Eustachio but do no damage. Eustachio hits you with a +0 rapier.
You closely miss Eustachio. Eustachio hits you with a +0 rapier.
You die...

###########
#.........##### ##
............. #.
#.##.....## #.
#.........####
#.###.............
#######...##..@@..$##
#.........###.ยค...##
#.######..####....#
#.............
#%..#######.### #...#
.# #...# .# #...# .#
#.#...#


You could see Eustachio.

Vanquished Creatures
  A dart slug (D:5)
1 creature vanquished.

Notes
Turn   | Place    | Note
-------+----------+-------------------------------------------
     0 | D:5      | qw the Gargoyle Delver began the quest for the Orb.
     0 | D:5      | Reached XP level 1. HP: 14/14 MP: 1/1
     0 | D:5      | 0 ||| qw: Version: 0.1-a-117-gfe26ee0
     0 | D:5      | 0 ||| qw: Game counter: 9748
     0 | D:5      | 0 ||| qw: Always use a shield: true
     0 | D:5      | 0 ||| qw: God list: Okawaru
     0 | D:5      | 0 ||| qw: Allow faded altars: false
     0 | D:5      | 0 ||| qw: Do Orc after D:15 true
     0 | D:5      | 0 ||| qw: Do second Lair branch before Depths: true
     0 | D:5      | 0 ||| qw: Lair rune preference: random
     0 | D:5      | 0 ||| qw: Plans: Normal
     0 | D:5      | 0 ||| PLANNING D:1-11
    19 | D:5      | Found an ancient bone altar of Kikubaaqudgha.
    57 | D:5      | Noticed Eustachio
    69 | D:5      | HP: 1/14 [Eustachio/+0 rapier (4)]
    70 | D:5      | Slain by Eustachio

Levels and vault maps discovered:
D:5:      layout_loops_ring, kennysheep_mini_moat,
          mainiacjoe_overflow_six_doors_small, grunt_ministairs_13,
          uniq_eustachio, uniq_prince_ribbit1

Skill      XL: |  1 |
---------------+----+-----
Axes           | 2 |  2.0
Fighting       | |  3.2
Dodging        | |  1.5
Stealth        | |  5.4

Action                   || total
-------------------------++-------
Melee: Hand axe          ||    12
Armor: Leather armour    ||     1
Dodge: Dodged            ||     9

Table legend:
 A = Non-vault XP
 B = Vault XP
 C = Vault XP percentage of total XP
 D = Non-vault monster count
 E = Vault monster count
 F = Vault count percentage of total count
                 A         B        C        D         E       F
            +---------+---------+-------+---------+---------+-------
      Total |       4 |       0 |   0.0 |       1 |       0 |   0.0
            +---------+---------+-------+---------+---------+-------
        D:5 |       4 |       0 |   0.0 |       1 |       0 |   0.0
            +---------+---------+-------+---------+---------+-------
